 Dungeon Crawl Stone Soup version 0.31-a0-771-g505c3d19dc (webtiles) character file.

Game seed: 1959212946838583179

53 Skeral the Ruffian (level 3, 0/35 HPs)
             Began as a Troll Shapeshifter on Sept 17, 2023.
             Succumbed to a gnoll's poison
             ... on level 3 of the Dungeon.
             The game lasted 00:02:43 (1395 turns).

Skeral the Ruffian (Troll Shapeshifter)             Turns: 1395, Time: 00:02:43

Health: 0/35       AC:  4    Str: 28    XL:     3   Next: 64%
Magic:  2/2        EV:  9    Int:  6    God:
Gold:   67         SH:  0    Dex: 11    Spells: 2/2 levels left

rFire   . .          .
                       - Unarmed
rCold   + . .        (no shield)
rNeg    . . .        a - +0 animal skin
rPois   .            (helmet currently unavailable)
rElec   .            (cloak currently unavailable)
rCorr   .            (gloves unavailable)
SInv    .            (boots unavailable)
Will    .....        (no amulet)
Stlth   +            S - +6 ring of strength
HPRegen 1.05/turn    C - ring of protection from cold
MPRegen 0.08/turn

%: no passive effects
@: mighty, lethally poisoned (0 -> -4), beast-form, hasted, very quick
A: beast (slay +1), large, unfitting armour, claws 3, regeneration 1, shaggy fur
1, tough skin 1
a: Begin Untransformation


You were on level 3 of the Dungeon.
You were a hulking beast.
You visited 1 branch of the dungeon, and saw 3 of its levels.

You collected 67 gold pieces.


Innate Abilities, Weirdness & Mutations

You are a hulking beast.
Your limbs bulge with bestial killing power. (Slay +1)
You are too large for most types of armour.
You have claws for hands.
Your natural rate of healing is unusually fast.
You are covered in fur. (AC +1)
You have tough skin. (AC +1)


   Skills:
 + Level 2.1 Fighting
 - Level 1.5 Dodging
 + Level 3.9 Unarmed Combat
 - Level 3.0 Shapeshifting


You had 2 spell levels left.
You didn't know any spells.
Your spell library contained the following spells:

 Spells                   Type           Power      Damage    Failure   Level
 Dazzling Flash           Conj/Hex       0%         N/A       83%         3
 Volatile Blastmotes      Fire/Tloc      0%         2d10      83%         3
 Starburst                Conj/Fire      0%         6d3       100%        6
 Maxwell's Capacitive Co  Air            0%         ∞         100%        8

Inventory:

Missiles
 h - 4 javelins
 j - 4 curare-tipped darts {=f}
Armour
 a - a +0 animal skin (worn)
Jewellery
 C - a ring of protection from cold (right claw)
   (You found it on level 2 of the Dungeon)
 S - a +6 ring of strength (left claw)
   (You found it on level 2 of the Dungeon)
Talismans
 d - a flux talisman
 m - a beast talisman (active)
 n - a serpent talisman
   (You found it on level 3 of the Dungeon)
Scrolls
 e - a scroll of noise {unknown}
 g - 3 scrolls of identify {unknown}
 i - a scroll of fog {unknown}
Potions
 b - a potion of lignification {!q}
 c - a potion of magic {unknown}
 k - a potion of curing {unknown}
 l - a potion of might

Dungeon Overview and Level Annotations

Branches:
Dungeon (3/15) Zot: 16610

Altars:

Shops:
D:1

( #### # #..# # #####.
#..###.#.
......##..#........
.....g............
#..ggh...#....#
##.###g####....#####
....g...(.......(...#
....####.####.##..#.#
...........[....#<#.####
.......................
#.#.....#......#...####
#.#####......#.#.## #.
#......#....#


You could see 4 gnolls.


Message History

This altar belongs to (a) Xom, (b) Makhleb or (c) Yredelemnul, but you can't tell which.
Press the corresponding letter to learn more about a god, or press enter to convert or escape to cancel.
Okay, then.
You enter the shallow water.
You open the door.
There is an open door here.
There is a stone staircase leading down here.
You open the door.
You see here a +0 sling.
A ball python comes into view.
The ball python barely misses you.
You mangle the ball python!!
You kill the ball python!
You see here a ball python corpse.
An endoplasm comes into view.
The endoplasm quivers.
You scratch the endoplasm. You barely miss the endoplasm.
Your claw misses the endoplasm. The endoplasm freezes you.
You are frozen.
You resist. 😕 HP[-1]
You take 1 damage, and now have 34/35 hp.
You scratch the endoplasm but do no damage.
The endoplasm closely misses you. 😎 HP[+1]
Your hp is fully restored (35).
You scratch the endoplasm but do no damage.
The endoplasm hits you. 😕 HP[-1]
You take 1 damage, and now have 34/35 hp.
You claw the endoplasm!
You kill the endoplasm!
Your Fighting skill increases to level 2! 😎 HP[+1]
Your hp is fully restored (35).
Done exploring.
There is a stone staircase leading down here.
You climb downwards.
There is a stone staircase leading up here.
Done exploring.
There is a stone staircase leading down here.
You climb downwards.
There is a stone staircase leading up here.
A quokka comes into view.
You see here a serpent talisman.
You claw the adder!
You kill the adder!
You see here a serpent talisman.
n - a serpent talisman The quokka bites you. 😕 HP[-1]
You take 1 damage, and now have 34/35 hp.
You miss the quokka. The quokka bites you. The quokka barely misses you.
You claw the quokka!
You kill the quokka! 😎 HP[+1]
Your hp is fully restored (35).
You see here a quokka corpse.
You now have 58 gold pieces (gained 8).
You now have 67 gold pieces (gained 9).
Found a stone staircase leading up. 2 gnolls come into view.
A gnoll is wielding a +0 club.
A gnoll comes into view. It is wielding a +1 halberd of venom.
The gnoll shouts! x2
The gnoll throws a throwing net.
The throwing net closely misses you.
You see here a throwing net {=f!f}.
There is a stone staircase leading up here.
A gnoll comes into view. It is wielding a +0 whip.
The gnoll shouts!
You hear an angry hiss.
The gnoll hits you but does no damage.
You are poisoned.
The gnoll closely misses you.
You claw the gnoll!
You feel very sick.
The gnoll hits you from afar with a +1 halberd of venom!
You are more poisoned.
The gnoll hits you with a +0 halberd!
* * * LOW HITPOINT WARNING * * *
😨 HP[-20]
You take 20 damage, and now have 15/35 hp.
MASSIVE DAMAGE!! (PAUSE)
You feel very sick. The gnoll hits you with a +0 club.
* * * LOW HITPOINT WARNING * * *
The gnoll closely misses you.
There is a stone staircase leading up, spattered with blood here. 😱 HP[-9]
You take 9 damage, and now have 6/35 hp.
MASSIVE DAMAGE!! (PAUSE) Unknown command.
It was a potion of might.
You feel very mighty all of a sudden.
* * * LOW HITPOINT WARNING * * *
You feel very sick. The gnoll hits you with a +0 club.
* * * LOW HITPOINT WARNING * * *
😱 HP[-4]
You take 4 damage, and now have 2/35 hp.
Unknown command.
It was a potion of haste.
You feel yourself speed up.
You die...

Skill      XL: |  1  2  3 |
---------------+----------+-----
Fighting       | 1 2 |  2.1
Dodging        | |  1.5
Unarmed Combat | |  3.9
Shapeshifting  | |  3.0

Action                     || total
---------------------------++-------
  Melee: Unarmed           ||    64
    Use: Potion            ||     2
   Stab: Sleeping          ||     1
 Armour: Animal skin       ||    55
  Dodge: Dodged            ||    41

Levels and vault maps discovered:
D:1:      dpeg_arrival_stonehenge_8_columns, layout_basic,
          shapermc_ecumenical_altar_notcrosses, serial_shops,
          nicolae_square_shop, serial_bayou_ford_a
D:2:      layout_loops_ring, kennysheep_minor_cross
D:3:      layout_basic

Notes
Turn   | Place    | Note
-------+----------+-------------------------------------------
     0 | D:1      | Skeral the Troll Shapeshifter began the quest for the Orb.
     0 | D:1      | Reached XP level 1. HP: 18/18 MP: 0/0
     0 | D:1      | magus.rc [v1.10.3]
    31 | D:1      | Reached skill level 1 in Fighting
   121 | D:1      | Found Fimonott's Weapon Boutique.
   127 | D:1      | You fall into a shaft and drop 1 floor!
   169 | D:2      | You pick up a book of Spectacle and begin reading...
   169 | D:2      | You add the spells Volatile Blastmotes, Dazzling Flash,
                  | Starburst and Maxwell's Capacitive Coupling to your
                  | library.
   219 | D:2      | Reached XP level 2. HP: 25/27 MP: 1/1
   813 | D:1      | Reached XP level 3. HP: 30/35 MP: 2/2
  1165 | D:1      | Found a faded altar of an unknown god.
  1303 | D:1      | Reached skill level 2 in Fighting
  1393 | D:3      | HP: 6/35 [gnoll/+0 club (6)]
  1394 | D:3      | HP: 2/35 [gnoll/+0 club (2)]
  1395 | D:3      | Succumbed to a gnoll's poison

Vanquished Creatures
  2 adders
  A dart slug (D:1)
  4 bats
  4 endoplasms
  A giant cockroach (D:2)
  3 hobgoblins
  3 quokkas
  3 ball pythons
  4 goblins
  3 kobolds (D:1)
  3 rats (D:1)
31 creatures vanquished.

Table legend:
 A = Non-vault XP
 B = Vault XP
 C = Vault XP percentage of total XP
 D = Non-vault monster count
 E = Vault monster count
 F = Vault count percentage of total count
                 A         B        C        D         E       F
            +---------+---------+-------+---------+---------+-------
      Total |      77 |       0 |   0.0 |      31 |       0 |   0.0
            +---------+---------+-------+---------+---------+-------
        D:1 |      32 |       0 |   0.0 |      19 |       0 |   0.0
        D:2 |      30 |       0 |   0.0 |      10 |       0 |   0.0
        D:3 |      15 |       0 |   0.0 |       2 |       0 |   0.0
            +---------+---------+-------+---------+---------+-------

Skill      XL: |  1  2  3 |
---------------+----------+-----
Fighting       | 1 2 |  2.1
Dodging        | |  1.5
Unarmed Combat | |  3.9
Shapeshifting  | |  3.0

Action                     || total
---------------------------++-------
  Melee: Unarmed           ||    64
    Use: Potion            ||     2
   Stab: Sleeping          ||     1
 Armour: Animal skin       ||    55
  Dodge: Dodged            ||    41

Illustrated notes

Table legend:
 A = Kills in this place as a percentage of kills in the entire game.
 B = Kills by you in this place as a percentage of kills by you in the entire game.
 C = Kills by friends in this place as a percentage of kills by friends in the entire game.
 D = Other kills in this place as a percentage of other kills in the entire game.
 E = Experience gained in this place as a percentage of experience gained in the entire game.
 F = Experience gained in this place divided by the number of levels of this place that you have seen.
                   A       B       C       D       E      F
               +-------+-------+-------+-------+-------+----------------------
         Total | 100.0 | 100.0 |   N/A |   N/A | 100.0 |  25.7
       Dungeon | 100.0 | 100.0 |   N/A |   N/A | 100.0 |  25.7
               +-------+-------+-------+-------+-------+----------------------

Table legend: (Time is in decaauts)
 A = Elapsed time spent in this place.
 B = Non-inter-level travel time spent in this place.
 C = Inter-level travel time spent in this place.
 D = Time resting spent in this place.
 E = Time spent auto-exploring this place.
 F = Levels seen in this place.
 G = Mean time per level.
                   A        B        C        D        E       F      G
               +--------+--------+--------+--------+--------+-----+--------+
         Total |   1389 |   1304 |     85 |      0 |    971 |   3 |  463.0 |
       Dungeon |   1389 |   1304 |     85 |      0 |    971 |   3 |  463.0 |
               +--------+--------+--------+--------+--------+-----+--------+

Top non-repeatable levels by time:
     D:2: 698 daAuts
     D:1: 651 daAuts
     D:3: 39 daAuts
